 Dungeon Crawl Stone Soup version 0.29-a0-393-g47a863cc1b (webtiles) character file.

Game seed: 15249406405477761933

388 bande the Covered (level 6, 38/38 HPs)
             Began as a Gargoyle Fighter on May 9, 2022.
             Was an Initiate of Okawaru.
             Quit the game on level 4 of the Dungeon.
             The game lasted 00:05:50 (5450 turns).

bande the Covered (Gargoyle Fighter)                Turns: 5450, Time: 00:05:50

Health: 38/38      AC:  9    Str: 19    XL:     6   Next: 79%
Magic:  6/6        EV:  9    Int:  9    God:    Okawaru [......]
Gold:   233        SH:  4    Dex: 11    Spells: 5/5 levels left

rFire   . . .      SeeInvis .   a - +1 war axe
rCold   . . .      Faith    .   c - +0 buckler
rNeg    + . .      Spirit   .   b - +0 scale mail
rPois   ∞          Reflect  .   (helmet restricted)
rElec   +          Harm     .   m - +0 cloak
rCorr   .          Rampage  .   (no gloves)
Will    .....                   (no boots)
Stlth   ..........              (no amulet)
HPRegen 0.12/turn               (no ring)
MPRegen 0.10/turn               (no ring)

@: no status effects
A: sickness immunity, AC +4, negative energy resistance 1, electricity
resistance, torment resistance 1, petrification resistance, horns 1, deformed
body
a: Renounce Religion


You were on level 4 of the Dungeon.
You worshipped Okawaru.
Okawaru was noncommittal.
You visited 1 branch of the dungeon, and saw 4 of its levels.

You collected 233 gold pieces.

Inventory:

Hand Weapons
 a - a +1 war axe (weapon)
 n - a +1 flail of holy wrath
Armour
 b - a +0 scale mail (worn)
 c - a +0 buckler (worn)
 m - a +0 cloak (worn)
Wands
 j - a wand of iceblast (4)
Scrolls
 e - 3 scrolls of teleportation
 p - 2 scrolls of amnesia
Potions
 d - a potion of might
 f - a potion of cancellation {unknown}
 g - 4 potions of curing
 h - a potion of ambrosia {unknown}
 i - a potion of lignification {unknown}
 k - a potion of degeneration {unknown}
 q - a potion of brilliance {unknown}


   Skills:
 + Level 4.1 Fighting
 + Level 4.2 Axes
 + Level 5.0 Armour
 - Level 0.3 Dodging
 + Level 3.7 Shields
 * Level 0.3 Invocations
 * Level 1.9 Evocations


You had 5 spell levels left.
You didn't know any spells.
Your spell library contained the following spells:

 Spells                   Type           Power      Damage    Failure   Level
 Olgreb's Toxic Radiance  Pois           0%         N/A       100%        4
 Ozocubu's Refrigeration  Ice            0%         4d5       100%        7
 Ignition                 Fire           0%         3d3       100%        8


Dungeon Overview and Level Annotations

Branches:
Dungeon (4/15)
 Temple: D:4-7

Altars:
Elyvilon
Makhleb
Nemelex Xobeh
Okawaru

Shops:
D:1 *


Innate Abilities, Weirdness & Mutations

You are immune to sickness and miasma.
Your stone body is resilient. (AC +4)
You are immune to poison.
You resist negative energy. (rN+)
You are resistant to electric shocks. (rElec)
You are resistant to unholy torment.
You are immune to petrification.
You have a pair of small horns on your head.
Armour fits poorly on your strangely shaped body.


Message History

The howler monkey hoots and howls with incredible vigour!
You slash the howler monkey!
You kill the howler monkey!
Okawaru accepts your kill.
Your Armour skill increases to level 5!
You block the goblin's attack.
There is an open door here.
You slash the goblin!
You kill the goblin!
Okawaru accepts your kill.
g - 3 grey potions (gained 1)
You see here a +0 club.
As you read the scroll labelled ILOQAE ZYPNOE, it crumbles to dust.
It is a scroll of identify.
g - 3 potions of curing
As you read the scroll labelled YNOP RUNUTIPH, it crumbles to dust.
It is a scroll of amnesia.
You feel forgetful for a moment.
As you read the scroll labelled ISMAHI ETELEANK, it crumbles to dust.
It is a scroll of enchant weapon.
Your +0 war axe glows red for a moment.
You see here a ball python corpse.
You see here a ring of poison resistance.
g - 4 potions of curing (gained 1)
Found a hunting sling.
Found a robe.
No target in view!
o - a scroll of identify You see here a +0 hunting sling.
Found a stone staircase leading down.
As you read the scroll of identify, it crumbles to dust.
l - 2 potions of mutation Really quaff the potion of mutation?
You feel extremely strange.
Your fingernails lengthen.
You feel less in control of your magic.
Really quaff the potion of mutation?
You feel extremely strange.
You regain control of your magic.
Your fingernails shrink to normal size.
Your body twists and deforms.
A pair of horns grows on your head!
Are you sure you want to abandon this character and quit the game? (Confirm with "yes".)

#..................#
###..##########..#####
#...#####............
#.#...[...####..####.
#.#..#########.....#.
#.#..)..........##.#.
#.##.#############.#.
#.##.# #†#. #.##@#
#.#. #.##.# #####.#.
#.##.. #.......
#.##.#. #.####.#
#.....># #.# #.# #.. #
#.# #.# #.. #.# #.#
#..# #.# #.# #.# #<#


There were no monsters in sight!

Vanquished Creatures
  An ogre (D:3)
  A scorpion (D:4)
  A howler monkey (D:4)
  A gnoll shaman (D:2)
  An orc wizard (D:3)
  9 gnolls
  An adder (D:2)
  A worm (D:2)
  A dart slug (D:3)
  4 orcs
  4 endoplasms
  4 giant cockroaches
  4 goblins
  4 kobolds
  A quokka (D:2)
  6 ball pythons
  3 bats (D:3)
  3 frilled lizards (D:3)
  2 rats (D:1)
52 creatures vanquished.

Notes
Turn   | Place    | Note
-------+----------+-------------------------------------------
     0 | D:1      | bande the Gargoyle Fighter began the quest for the Orb.
     0 | D:1      | Reached XP level 1. HP: 14/14 MP: 1/1
   240 | D:1      | Reached XP level 2. HP: 18/19 MP: 2/2
   285 | D:1      | Found a faded altar of an unknown god.
   604 | D:1      | Found Kuhaus's Assorted Antiques.
  1728 | D:2      | Reached XP level 3. HP: 21/23 MP: 3/3
  2202 | D:2      | Reached skill level 4 in Armour
  2202 | D:2      | Reached XP level 4. HP: 14/29 MP: 4/4
  2958 | D:3      | Reached XP level 5. HP: 13/33 MP: 5/5
  3274 | D:3      | Found a white marble altar of Elyvilon.
  3274 | D:3      | Noticed an ogre
  3287 | D:3      | Killed an ogre
  3288 | D:3      | Reached skill level 1 in Evocations
  3397 | D:3      | Found a burning altar of Makhleb.
  3462 | D:3      | Reached XP level 6. HP: 16/38 MP: 6/6
  3646 | D:3      | Found a sparkling altar of Nemelex Xobeh.
  5348 | D:4      | Found an iron altar of Okawaru.
  5378 | D:4      | Became a worshipper of Warmaster Okawaru
  5388 | D:4      | Reached skill level 5 in Armour
  5448 | D:4      | Gained mutation: You have sharp fingernails. [potion of
                  | mutation]
  5448 | D:4      | Gained mutation: Your spells are a little harder to cast,
                  | but a little more powerful. [potion of mutation]
  5449 | D:4      | Lost mutation: Your spells are a little harder to cast, but
                  | a little more powerful. [potion of mutation]
  5449 | D:4      | Lost mutation: You have sharp fingernails. [potion of
                  | mutation]
  5449 | D:4      | Gained mutation: Armour fits poorly on your strangely
                  | shaped body. [potion of mutation]
  5449 | D:4      | Gained mutation: You have a pair of small horns on your
                  | head. [potion of mutation]
  5450 | D:4      | Quit the game

Illustrated notes

Levels and vault maps discovered:
D:1:      heliophobic_arrival_glass_houses, layout_basic, serial_shops, shop,
          ebering_ecumenical_altar_abandoned, minmay_misc_feat_room
D:2:      layout_loops_corners
D:3:      layout_loops_ring, nemelex_diamond_rough_becter,
          general_overflow_altar, amcnicky_altar_gilded, grunt_ministairs_6
D:4:      layout_loops_ring, kennysheep_mini, lemuel_temple_firewalk_b

Skill      XL: |  1  2  3  4  5  6 |
---------------+-------------------+-----
Axes           | 2 3 4 |  4.2
Armour         | 4 5 |  5.0
Evocations     | 1 |  1.9
Fighting       | 4 |  4.1
Dodging        | |  0.3
Shields        | |  3.7
Invocations    | |  0.3

Action                   |  1- 3 |  4- 6 || total
-------------------------+-------+-------++-------
Melee: War axe           |    63 |   109 ||   172
  Use: Scroll            |       |     6 ||     6
       Potion            |       |     2 ||     2
Armor: Scale mail        |    22 |    53 ||    75
Dodge: Dodged            |    34 |    53 ||    87
Block: Buckler           |     9 |    26 ||    35

Table legend: (Time is in decaauts)
 A = Elapsed time spent in this place.
 B = Non-inter-level travel time spent in this place.
 C = Inter-level travel time spent in this place.
 D = Time resting spent in this place.
 E = Time spent auto-exploring this place.
 F = Levels seen in this place.
 G = Mean time per level.
                   A        B        C        D        E       F      G
               +--------+--------+--------+--------+--------+-----+--------+
         Total |   5525 |   5515 |     10 |   2335 |   2454 |   4 | 1381.2 |
       Dungeon |   5525 |   5515 |     10 |   2335 |   2454 |   4 | 1381.2 |
               +--------+--------+--------+--------+--------+-----+--------+

Top non-repeatable levels by time:
     D:2: 2538 daAuts
     D:3: 1697 daAuts
     D:1: 777 daAuts
     D:4: 511 daAuts
